cohdb
Replays
Latest Replays
All Replays
Popular Replays
Top Player Replays
Match Explorer
How It Works
Community
CoH3 Stats
Reddit
Sign in to upload your games and track your stats! →
Sign in with Steam
Match 42976461
Unlisted
Match 42976461
Overview
Messages
Build Orders
End
Pioneer Squad
Construct Infanterie Kompanie
Selects Breakthrough Battlegroup
Selects Breakthrough Battlegroup
Selects Breakthrough Battlegroup
Selects Assault Grenadiers
Grenadier Squad
Grenadier Squad
MG 42 Machine Gun Team
Infanterie Officer Quarters
Selects Breakthrough
GrW 34 Mortar Team
Grenadier Squad
MG 42 Machine Gun Team
Breakthrough
Construct Panzergrenadier Kompanie
Construct Panzergrenadier Kompanie
Pak 40 Anti-tank Gun Team
Selects Mechanized Assault Group
Selects Rapid Production
Mechanized Assault Group
Grenadier Squad
Construct Panzer Kompanie
Selects Blitzkrieg
Panzer IV Medium Tank
Support Elements
Stoßtruppen Squad
Panzer Officer Quarters
Nebelwerfer 42 Rocket Launcher Team
Grenadier Squad
Blitzkrieg
JVevermore
Eilte
RunningWithFate
Onoyk
0
0
Comments
sign in to comment!
No comments posted yet!